 Dungeon Crawl Stone Soup version 0.29-a0-819-g94b489e0ae (webtiles) character file.

Game seed: 8572440681669009395

98 xian the Conjurer (level 4, -3/27 HPs)
             Began as an Octopode Conjurer on July 6, 2022.
             Slain by Robin
             ... wielding a +0 spear
              (6 damage)
             ... on level 2 of the Dungeon.
             The game lasted 00:05:04 (2251 turns).

xian the Conjurer (Octopode Conjurer)               Turns: 2251, Time: 00:05:06

Health: -3/27      AC:  1    Str:  6    XL:     4   Next: 71%
Magic:  4/8        EV: 13    Int: 22    God:
Gold:   54         SH:  0    Dex: 10    Spells: 5/8 levels left

rFire   . . .      SeeInvis .   c - +0 quarterstaff
rCold   . . .      Faith    .   (shield currently unavailable)
rNeg    . . .      Spirit   .   (helmet restricted)
rPois   .          Reflect  .   (no amulet)
rElec   .          Harm     .   f - ring of flight
rCorr   .          Rampage  .   d - ring of wizardry
Will    .....                   (no ring)
Stlth   +++.......              (no ring)
HPRegen 0.09/turn               (no ring)
MPRegen 0.11/turn               (no ring)
                                (no ring)
                                (no ring)

@: flying
A: almost no armour, amphibious, 8 rings, camouflage 1, gelatinous body 1,
(nimble swimmer 1), tentacles
a: no special abilities


You were on level 2 of the Dungeon.
You visited 1 branch of the dungeon, and saw 2 of its levels.

You collected 54 gold pieces.

Inventory:

Hand Weapons
 c - a +0 quarterstaff (weapon)
Armour
 i - an orb of wrath
Jewellery
 d - a ring of wizardry (right tentacle)
 f - a ring of flight (left tentacle)
Scrolls
 h - a scroll of silence
Potions
 a - a potion of magic
 b - 2 potions of attraction
 g - a potion of berserk rage


   Skills:
 + Level 2.2 Dodging
 + Level 2.9 Stealth
 + Level 2.7 Spellcasting
 + Level 5.3 Conjurations


You had 5 spell levels left.
You knew the following spells:

 Your Spells              Type           Power      Damage    Failure   Level
a - Magic Dart            Conj           100%       1d8       1%          1
b - Searing Ray           Conj           52%        2d6       1%          2

Your spell library contained the following spells:

 Spells                   Type           Power      Damage    Failure   Level
 Dazzling Flash           Conj/Hex       28%        N/A       5%          3
 Sublimation of Blood     Necr           3%         N/A       8%          2
 Wereblood                Tmut           3%         N/A       8%          2
 Fulminant Prism          Conj/Hex       7%         3d7       16%         4
 Iskenderun's Mystic Bla  Conj/Tloc      14%        2d5       16%         4
 Summon Hydra             Summ           1%         N/A       100%        7


Dungeon Overview and Level Annotations

Branches:
Dungeon (2/15)

Altars:

Annotations:
D:2 Robin


Innate Abilities, Weirdness & Mutations

You cannot wear most types of armour.
You are amphibious.
You can wear up to eight rings at the same time.
Your skin changes colour to match your surroundings (Stealth+).
Your rubbery body absorbs attacks. (AC +1, EV +1)
((You are camouflaged when in or above water. (Stealth+)))
You have tentacles for arms and can constrict up to eight enemies at once.


Message History

You hit the goblin but do no damage. Your grab misses the goblin.
You hear a shout!
The goblin misses you.
The hobgoblin shouts!
You sock the goblin!
You kill the goblin!
Things that are here:
a +0 club; a goblin corpse You hit the goblin.
You kill the goblin!
You see here a +0 dagger.
You closely miss the goblin. Your grab misses the goblin.
Robin roars a battlecry!
The goblins go into a battle-frenzy!
The goblin barely misses you.
The goblin throws a stone.
The stone closely misses you. The goblin closely misses you.
The goblin misses you. The goblin attacks as you move away!
The goblin hits you but does no damage. The hobgoblin closely misses you.
Casting: Magic Dart (safe; 1% risk of failure)
Confirm with . or Enter, or press ? or * to list all spells.
Aiming: Searing Ray (safe; 1% risk of failure)
Press: ? - help, Shift-Dir - straight line, f - Robin, p - goblin
Aim: Robin, wielding a +0 spear, wearing a +0 animal skin and wearing a +2 helmet of see invisible (85% to hit)
The searing ray misses the goblin.
The searing ray hits Robin.
Robin is moderately wounded. (Press . to maintain the ray.)
The hobgoblin hits you. The goblin hits you with a +0 dagger.
The searing ray hits Robin.
Robin is severely wounded.
The goblin misses you. The hobgoblin hits you.
Robin hits you from afar with a +0 spear.
The goblin hits you with a +0 dagger.
The searing ray hits Robin.
Robin is severely wounded.
The goblin misses you. The hobgoblin barely misses you.
The goblin hits you with a +0 dagger.
* * * LOW HITPOINT WARNING * * *
Robin hits you from afar with a +0 spear.
You die...

#.#.)# #.##.# #.##.# #.##.#
#.##)## ♣♣♣≈ ##♣ #.##))#♣≈≈≈≈≈
♣≈♣♣♣ #)##..≈≈≈≈P≈≈♣♣♣♣P≈≈P
#.##gg≈≈w≈≈≈≈≈≈≈≈≈≈≈≈
#.##@.g..............
#.##g.♣≈≈≈≈≈≈≈P≈≈≈≈≈P #########
#.#####♣≈≈≈≈≈≈≈≈≈≈≈P≈ #.......###
#.######♣≈≈≈≈≈≈♣♣≈≈≈† #.###.....#
#......g.P≈≈♣♣###≈♣♣♣
#.###.###.######..........[...≈♣♣
#.....# #........##.....#######♣
#.###.###.##########...## ♣ #.#
#.....# ##.## ♣


You could see a worm, Robin, a hobgoblin (strong) and 2 goblins.

Vanquished Creatures
  4 adders (D:2)
  2 worms (D:2)
  A dart slug (D:2)
  2 ball pythons (D:1)
  7 bats
  5 endoplasms
  2 giant cockroaches (D:1)
  10 goblins
  3 hobgoblins
  2 jackals (D:2)
  4 quokkas (D:1)
  A frilled lizard (D:2)
  A kobold (D:2)
  7 rats
51 creatures vanquished.

Vanquished Creatures (others)
  13 plants (D:2)
13 creatures vanquished.

Grand Total: 64 creatures vanquished

Notes
Turn   | Place    | Note
-------+----------+-------------------------------------------
     0 | D:1      | xian the Octopode Conjurer began the quest for the Orb.
     0 | D:1      | Reached XP level 1. HP: 11/11 MP: 3/3
   182 | D:1      | Reached XP level 2. HP: 17/17 MP: 3/5
   185 | D:1      | Learned a level 2 spell: Searing Ray
   945 | D:1      | Reached XP level 3. HP: 21/21 MP: 4/6
   985 | D:1      | Found a faded altar of an unknown god.
  1354 | D:2      | Reached skill level 5 in Conjurations
  1412 | D:2      | Reached XP level 4. HP: 27/27 MP: 3/7
  2194 | D:2      | Noticed Robin
  2251 | D:2      | Slain by Robin

Illustrated notes

Levels and vault maps discovered:
D:1:      dpeg_arrival_round_c, layout_rooms, dreamdust_ecumenical_altar_grove,
          nrook_mini_backslash, nrook_campfire
D:2:      layout_loops_ring, serial_bayou, serial_bayou_shore_a,
          serial_bayou_lagoon_a, serial_bayou_shore_b, serial_bayou_lagoon_b,
          uniq_robin

Skill      XL: |  1  2  3 |
---------------+----------+-----
Conjurations   | 5 |  5.3
Dodging        | |  2.2
Stealth        | |  2.9
Spellcasting   | |  2.7

Action                   |  1- 3 |  4- 6 || total
-------------------------+-------+-------++-------
Melee: Quarterstaff      |     9 |     9 ||    18
       Tentacles         |     2 |     1 ||     3
       Constrict         |     1 |     2 ||     3
       Punch             |     1 |       ||     1
 Cast: Magic Dart        |    49 |    25 ||    74
       Searing Ray       |     2 |     2 ||     4
  Use: Scroll            |     7 |       ||     7
Armor: Skin              |       |     1 ||     1
Dodge: Dodged            |    10 |    11 ||    21

Table legend: (Time is in decaauts)
 A = Elapsed time spent in this place.
 B = Non-inter-level travel time spent in this place.
 C = Inter-level travel time spent in this place.
 D = Time resting spent in this place.
 E = Time spent auto-exploring this place.
 F = Levels seen in this place.
 G = Mean time per level.
                   A        B        C        D        E       F      G
               +--------+--------+--------+--------+--------+-----+--------+
         Total |   2254 |   2228 |     26 |      0 |   1890 |   2 | 1127.0 |
       Dungeon |   2254 |   2228 |     26 |      0 |   1890 |   2 | 1127.0 |
               +--------+--------+--------+--------+--------+-----+--------+

Top non-repeatable levels by time:
     D:1: 1215 daAuts
     D:2: 1039 daAuts
